NWL (28 & UNDER)
MOOSE JAW GHOSTBUSTERS @ MENLO MANIACS
09/17/2024
 
TOP OF THE 1ST
Moose Jaw Ghostbusters batting - Pitching for Menlo Maniacs : RHP José Ramírez
Pitching: RHP José Ramírez
Batting: RHB John Major 0-0: Called Strike
0-1: Ground out 5-3 (Groundball, 5)
Batting: LHB Will Vale 0-0: Ball
1-0: Foul Ball, location: 2F
1-1: Called Strike
1-2: Strikes out swinging
Batting: RHB Shawn Bane 0-0: Ball
1-0: Ball
2-0: Ball
3-0: Called Strike
3-1: Foul Ball, location: 2F
3-2: Foul Ball, location: 2F
3-2: Strikes out swinging
Top of the 1st over - 0 run(s), 0 hit(s), 0 error(s), 0 left on base; Moose Jaw 0 - Menlo 0
BOTTOM OF THE 1ST
Menlo Maniacs batting - Pitching for Moose Jaw Ghostbusters : LHP Martin White
Pitching: LHP Martin White
Batting: LHB Pedro Rodríguez 0-0: Called Strike
0-1: SINGLE (Line Drive, 89M)
Batting: RHB Chan-u O 0-0: Ground out 5-3 (Groundball, 56S)
Pedro Rodríguez to second
Batting: LHB Arthur Hall 0-0: Called Strike
0-1: Ground out U3 (Groundball, 3)
Pedro Rodríguez to third
Batting: RHB Bob Campbell 0-0: Called Strike
0-1: Ball
1-1: Called Strike
1-2: Strikes out swinging
Bottom of the 1st over - 0 run(s), 1 hit(s), 0 error(s), 1 left on base; Moose Jaw 0 - Menlo 0
TOP OF THE 2ND
Moose Jaw Ghostbusters batting - Pitching for Menlo Maniacs : RHP José Ramírez
Batting: RHB Paco Hernández 0-0: Swinging Strike
0-1: Ball
1-1: Swinging Strike
1-2: Foul Ball, location: 2F
1-2: Strikes out swinging
Batting: LHB Enrique Valentín 0-0: Ball
1-0: Foul Ball, location: 2F
1-1: Called Strike
1-2: Foul Ball, location: 2F
1-2: Ball
2-2: Strikes out swinging
Batting: RHB David Hernández 0-0: Ball
1-0: Called Strike
1-1: Ball
2-1: Ball
3-1: Foul Ball, location: 2F
3-2: Ground out 4-3 (Groundball, 13)
Top of the 2nd over - 0 run(s), 0 hit(s), 0 error(s), 0 left on base; Moose Jaw 0 - Menlo 0
BOTTOM OF THE 2ND
Menlo Maniacs batting - Pitching for Moose Jaw Ghostbusters : LHP Martin White
Batting: RHB Jesús Cuevas 0-0: Ground out 6-3 (Groundball, 6)
Batting: LHB Marcos Vázquez 0-0: Ground out 1-3 (Groundball, 23)
Batting: RHB Ernest Russell 0-0: Called Strike
0-1: Ball
1-1: Fly out, F7 (Flyball, 78M)
Bottom of the 2nd over - 0 run(s), 0 hit(s), 0 error(s), 0 left on base; Moose Jaw 0 - Menlo 0
TOP OF THE 3RD
Moose Jaw Ghostbusters batting - Pitching for Menlo Maniacs : RHP José Ramírez
Batting: RHB Greg King 0-0: Ball
1-0: Ball
2-0: Swinging Strike
2-1: Ball
3-1: SINGLE (Line Drive, 56D)
Batting: LHB Dave Stewart 0-0: Ball
1-0: Called Strike
1-1: Ball
2-1: Ground out 5-3 (Groundball, 5S)
Greg King to second
Batting: LHB Carlos López 0-0: Ball
1-0: Called Strike
1-1: Ball
2-1: Foul Ball, location: 2F
2-2: Fly out, F6 (Popup, 56D)
Batting: RHB John Major 0-0: Ball
1-0: Called Strike
1-1: SINGLE (Groundball, 5D)
Greg King to third
Runner from 3rd tries for Home, SAFE, no throw or cutoff
Batting: LHB Will Vale 0-0: Foul Ball, location: 2F
0-1: Called Strike
0-2: Fly out, F7 (Flyball, 78S)
Top of the 3rd over - 1 run(s), 2 hit(s), 0 error(s), 1 left on base; Moose Jaw 1 - Menlo 0
BOTTOM OF THE 3RD
Menlo Maniacs batting - Pitching for Moose Jaw Ghostbusters : LHP Martin White
Batting: LHB Dan Hamilton 0-0: Ball
1-0: Ball
2-0: Foul Ball, location: 2F
2-1: Foul Ball, location: 2F
2-2: Strikes out swinging
Batting: RHB Vicente Martínez 0-0: Called Strike
0-1: Fly out, F8 (Flyball, 8RM)
Batting: LHB Pedro Rodríguez 0-0: Foul Ball, location: 2F
0-1: Swinging Strike
0-2: SINGLE (Groundball, 4S) (infield hit)
Batting: RHB Chan-u O 0-0: Called Strike
0-1: Ball
Pedro Rodríguez is caught stealing 2nd base
Bottom of the 3rd over - 0 run(s), 1 hit(s), 0 error(s), 0 left on base; Moose Jaw 1 - Menlo 0
TOP OF THE 4TH
Moose Jaw Ghostbusters batting - Pitching for Menlo Maniacs : RHP José Ramírez
Batting: RHB Shawn Bane 0-0: SINGLE (Line Drive, 9S)
Batting: RHB Paco Hernández 0-0: Grounds into double play, 4-6-3 (Groundball, 4)
Batting: LHB Enrique Valentín 0-0: Fly out, F8 (Flyball, 8LM)
Top of the 4th over - 0 run(s), 1 hit(s), 0 error(s), 0 left on base; Moose Jaw 1 - Menlo 0
BOTTOM OF THE 4TH
Menlo Maniacs batting - Pitching for Moose Jaw Ghostbusters : LHP Martin White
Batting: RHB Chan-u O 0-0: Foul Ball, location: 2F
0-1: Ball
1-1: Foul Ball, location: 2F
1-2: Strikes out swinging
Batting: LHB Arthur Hall 0-0: Ball
1-0: Fly out, F8 (Flyball, 8LXD)
Batting: RHB Bob Campbell 0-0: Called Strike
0-1: Ball
1-1: Ball
2-1: Swinging Strike
2-2: Foul Ball, location: 2F
2-2: Strikes out swinging
Bottom of the 4th over - 0 run(s), 0 hit(s), 0 error(s), 0 left on base; Moose Jaw 1 - Menlo 0
TOP OF THE 5TH
Moose Jaw Ghostbusters batting - Pitching for Menlo Maniacs : RHP José Ramírez
Batting: RHB David Hernández 0-0: Called Strike
0-1: Ball
1-1: Ball
2-1: Called Strike
2-2: Ball
3-2: Foul Ball, location: 2F
3-2: Base on Balls
Batting: RHB Greg King 0-0: Ball
1-0: Ball
2-0: Called Strike
2-1: Swinging Strike
2-2: Fly out, F3 (Popup, 3F)
Batting: LHB Dave Stewart 0-0: Ball
1-0: Called Strike
1-1: Swinging Strike
1-2: Strikes out swinging
Batting: LHB Carlos López 0-0: Foul Ball, location: 2F
0-1: Ball
1-1: Ball
2-1: Called Strike
2-2: Foul Ball, location: 2F
2-2: Foul Ball, location: 2F
2-2: Strikes out swinging
Top of the 5th over - 0 run(s), 0 hit(s), 0 error(s), 1 left on base; Moose Jaw 1 - Menlo 0
BOTTOM OF THE 5TH
Menlo Maniacs batting - Pitching for Moose Jaw Ghostbusters : LHP Martin White
Batting: RHB Jesús Cuevas 0-0: Called Strike
0-1: Called Strike
0-2: SINGLE (Line Drive, 56)
Batting: LHB Marcos Vázquez 0-0: Called Strike
0-1: Ball
1-1: DOUBLE (Line Drive, 9LM)
Jesús Cuevas to third
Batting: RHB Ernest Russell 0-0: Ball
1-0: Ground out 1-3 (Groundball, 25)
Batting: LHB Dan Hamilton 0-0: Ball
1-0: Ball
2-0: Ball
3-0: Base on Balls
Batting: RHB Vicente Martínez 0-0: Ball
1-0: Ball
2-0: Called Strike
2-1: Called Strike
2-2: Grounds into double play, 5-4-3 (Groundball, 56)
Bottom of the 5th over - 0 run(s), 2 hit(s), 0 error(s), 2 left on base; Moose Jaw 1 - Menlo 0
TOP OF THE 6TH
Moose Jaw Ghostbusters batting - Pitching for Menlo Maniacs : RHP José Ramírez
Batting: RHB John Major 0-0: SINGLE (Groundball, 56D)
Batting: LHB Will Vale 0-0: SINGLE (Line Drive, 4MD)
John Major to second
Runner from 2nd tries for 3rd, SAFE, throw made to third
Batting: RHB Shawn Bane 0-0: Foul Ball, location: 2F
0-1: Foul Ball, location: 2F
0-2: Foul Ball, location: 2F
0-2: Grounds into double play, 1-6-3 (Groundball, 13S)
Batting: RHB Paco Hernández 0-0: Called Strike
0-1: Ball
1-1: Foul Ball, location: 2F
1-2: Ball
2-2: Fly out, F8 (Flyball, 8LXD)
Top of the 6th over - 0 run(s), 2 hit(s), 0 error(s), 1 left on base; Moose Jaw 1 - Menlo 0
BOTTOM OF THE 6TH
Menlo Maniacs batting - Pitching for Moose Jaw Ghostbusters : LHP Martin White
Batting: LHB Pedro Rodríguez 0-0: Fly out, F9 (Flyball, 89S)
Batting: RHB Chan-u O 0-0: Called Strike
0-1: Ball
1-1: Ball
2-1: Swinging Strike
2-2: Strikes out looking
Batting: LHB Arthur Hall 0-0: Ground out 6-3 (Groundball, 6M)
Bottom of the 6th over - 0 run(s), 0 hit(s), 0 error(s), 0 left on base; Moose Jaw 1 - Menlo 0
TOP OF THE 7TH
Moose Jaw Ghostbusters batting - Pitching for Menlo Maniacs : RHP José Ramírez
Batting: LHB Enrique Valentín 0-0: Ball
1-0: Ball
2-0: Ball
3-0: Base on Balls
Pinch Hitting: RHB Ángel García 0-0: Bunted foul
0-1: Sac Bunt - play at first, batter OUT! 1-4
Enrique Valentín to second
Pinch Hitting: RHB Luis Miguel Sánchez 0-0: Called Strike
0-1: Ball
1-1: Swinging Strike
1-2: Ball
2-2: Strikes out looking
Pitching: RHP Steve Poe
Batting: LHB Dave Stewart 0-0: Called Strike
0-1: Ball
1-1: Called Strike
1-2: Ball
2-2: Ball
3-2: Strikes out looking
Top of the 7th over - 0 run(s), 0 hit(s), 0 error(s), 1 left on base; Moose Jaw 1 - Menlo 0
BOTTOM OF THE 7TH
Menlo Maniacs batting - Pitching for Moose Jaw Ghostbusters : LHP Martin White
Now at 2B: Luis Miguel Sánchez
Now at 3B: Ángel García
Batting: RHB Bob Campbell 0-0: Ball
1-0: Called Strike
1-1: SINGLE (Flyball, 7LM)
Pinch Hitting: RHB Steve Sampson 0-0: Called Strike
0-1: Fly out, F8 (Flyball, 8RM)
Pinch Hitting: RHB Juan Duarte 0-0: Ball
1-0: Foul Ball, location: 2F
1-1: Ball
2-1: Ball
3-1: Foul Ball, location: 2F
3-2: Ground out 4-3 (Groundball, 4)
Bob Campbell to second
Pinch Hitting: RHB Philip Burke 0-0: Ball
1-0: Ball
2-0: Ball
3-0: Base on Balls
Pinch Hitting: RHB Robert Downing 0-0: Called Strike
0-1: Ground out 5-3 (Groundball, 5S)
Bottom of the 7th over - 0 run(s), 1 hit(s), 0 error(s), 2 left on base; Moose Jaw 1 - Menlo 0
TOP OF THE 8TH
Moose Jaw Ghostbusters batting - Pitching for Menlo Maniacs : RHP Steve Poe
Now at 1B: Steve Sampson
Now at 2B: Philip Burke
Now at 3B: Robert Downing
Now at SS: David Strickland
Batting: LHB Carlos López 0-0: Swinging Strike
0-1: SINGLE (Line Drive, 9LM)
Batting: RHB John Major 0-0: Sac Bunt - play at second, runner OUT! 1-6
Batting: LHB Will Vale 0-0: Called Strike
0-1: Ground out U3 (Groundball, 3)
John Major to second
Batting: RHB Shawn Bane 0-0: Called Strike
0-1: Foul Ball, location: 2F
0-2: Ball
1-2: Strikes out swinging
Top of the 8th over - 0 run(s), 1 hit(s), 0 error(s), 1 left on base; Moose Jaw 1 - Menlo 0
BOTTOM OF THE 8TH
Menlo Maniacs batting - Pitching for Moose Jaw Ghostbusters : LHP Martin White
Now at C: Alberto Sandoval
Batting: RHB Vicente Martínez 0-0: Ball
1-0: Ground out 1-3 (Groundball, 13S)
Pitching: RHP José Estrada
Batting: LHB Pedro Rodríguez 0-0: Ball
1-0: Called Strike
1-1: Ball
2-1: Ball
3-1: Ground out 4-3 (Groundball, 4)
Pitching: RHP José Ortíz
Batting: RHB Chan-u O 0-0: Ball
1-0: Called Strike
1-1: Ball
2-1: Foul Ball, location: 2F
2-2: Ground out 5-3 (Groundball, 5L)
Bottom of the 8th over - 0 run(s), 0 hit(s), 0 error(s), 0 left on base; Moose Jaw 1 - Menlo 0
TOP OF THE 9TH
Moose Jaw Ghostbusters batting - Pitching for Menlo Maniacs : RHP Steve Poe
Pitching: RHP Steve Standard
Batting: RHB Paco Hernández 0-0: Ball
1-0: Foul Ball, location: 2F
1-1: Ball
2-1: Swinging Strike
2-2: Ground out 4-3 (Groundball, 4M)
Batting: LHB Enrique Valentín 0-0: Ball
1-0: Swinging Strike
1-1: SINGLE (Groundball, 34D)
Batting: RHB Ángel García 0-0: Called Strike
0-1: 2-RUN HOME RUN (Flyball, 7LD), Distance : 342 ft
Batting: RHB Luis Miguel Sánchez 0-0: Foul Ball, location: 2F
0-1: SINGLE (Groundball, 3D)
Batting: LHB Dave Stewart 0-0: 2-RUN HOME RUN (Flyball, 89XD), Distance : 393 ft
Pitching: RHP David Bishop
Batting: LHB Carlos López 0-0: Foul Ball, location: 2F
0-1: Ball
1-1: Ball
2-1: Called Strike
2-2: Foul Ball, location: 2F
2-2: Ball
3-2: Base on Balls
Batting: RHB John Major 0-0: Called Strike
0-1: Ball
1-1: Swinging Strike
1-2: Strikes out swinging
Batting: LHB Will Vale 0-0: DOUBLE (Line Drive, 7LS)
Carlos López to third
Pinch Runner at 2nd Ánibal Pérez:
Batting: RHB Alberto Sandoval 0-0: Swinging Strike
0-1: Foul Ball, location: 2F
0-2: Ball
1-2: Foul Ball, location: 2F
1-2: Ball
2-2: Ball
3-2: Strikes out looking
Top of the 9th over - 4 run(s), 5 hit(s), 0 error(s), 2 left on base; Moose Jaw 5 - Menlo 0
BOTTOM OF THE 9TH
Menlo Maniacs batting - Pitching for Moose Jaw Ghostbusters : RHP José Ortíz
Now in RF: Ánibal Pérez
Batting: LHB Arthur Hall 0-0: Ball
1-0: Ball
2-0: Ball
3-0: Called Strike
3-1: Called Strike
3-2: Foul Ball, location: 2F
3-2: Base on Balls
Batting: RHB Bob Campbell 0-0: Swinging Strike
0-1: Hit by Pitch
Arthur Hall to second
Batting: RHB Steve Sampson 0-0: Called Strike
0-1: Foul Ball, location: 2F
0-2: Ball
1-2: Strikes out swinging
Batting: RHB David Strickland 0-0: Foul Ball, location: 2F
0-1: SINGLE (Line Drive, 9LS)
Arthur Hall to third
Bob Campbell to second
Pitching: RHP Juan Rodríguez
Batting: RHB Philip Burke 0-0: Ball
1-0: Foul Ball, location: 2F
1-1: Called Strike
1-2: Ball
2-2: Ball
3-2: Foul Ball, location: 2F
3-2: Foul Ball, location: 2F
3-2: Strikes out swinging
Batting: RHB Robert Downing 0-0: Fly out, F9 (Flyball, 9S)
Bottom of the 9th over - 0 run(s), 1 hit(s), 0 error(s), 3 left on base; Moose Jaw 5 - Menlo 0
This league is powered by Out of the Park Baseball, the baseball management simulation game for PC, Mac and Linux
Saturday, April 9th, 2016 - OOTP Baseball 16.8 Build 38